 Dungeon Crawl Stone Soup version 0.17.1-3-g152610e (webtiles) character file.

890 Yevrel the Poker (level 7, -1/63 HPs)
             Began as a Minotaur Berserker on Apr 4, 2016.
             Was a Priest of Trog.
             Slain by an orc warrior
             ... wielding a +0 long sword
              (17 damage)
             ... on level 7 of the Dungeon.
             The game lasted 00:09:07 (3769 turns).

Yevrel the Poker (Minotaur Berserker)               Turns: 3769, Time: 00:09:07

Health: -1/63      AC: 12    Str: 24    XL:     7   Next: 77%
Magic:  6/6        EV: 10    Int:  4    God:    Trog [***...]
Gold:   114        SH:  0    Dex:  4    Spells: 0 memorised, 6 levels left

rFire  + . .     SeeInvis .     t - +3 quarterstaff (chaos)
rCold  + . .     Clarity  .     w - +0 scale mail
rNeg   . . .     SustAt   .     (shield currently unavailable)
rPois  .         Gourm    .     (helmet restricted)
rElec  .         Spirit   .     u - +0 cloak
rCorr  .         Warding  .     k - +0 pair of gloves
rMut   .         Stasis   .     y - +1 pair of boots of Demons {rF+ rC+ Dex-5}
MR     .....                    (no amulet)
Stlth  ..........               (no ring)
                                (no ring)

@: slowed, very slow, not resistant to hostile enchantments, extremely
unstealthy
A: retaliatory headbutt, horns 2
a: Berserk, Trog's Hand, Burn Spellbooks, Renounce Religion


You were on level 7 of the Dungeon.
You worshipped Trog.
Trog was most pleased with you.
You were very hungry.

You visited 1 branch of the dungeon, and saw 7 of its levels.

You collected 114 gold pieces.

Inventory:

Hand Weapons
 a - a +0 spear
 m - a +1 long sword of freezing
 t - a +3 quarterstaff of chaos (weapon)
Missiles
 x - 2 tomahawks (quivered)
Armour
 b - a +0 animal skin
 j - a +0 ring mail
 k - a +0 pair of gloves (worn)
 u - a +0 cloak (worn)
 w - a +0 scale mail (worn)
 y - the +1 pair of boots of Demons (worn) {rF+ rC+ Dex-5}
   (You found it on level 5 of the Dungeon)

   It affects your dexterity (-5).
   It protects you from fire.
   It protects you from cold.
Wands
 r - a wand of magic darts (15)
Scrolls
 d - 5 scrolls of identify
 e - 4 scrolls of remove curse
 g - 2 scrolls of random uselessness {unknown}
 h - 4 scrolls of blinking {unknown}
 i - 2 scrolls of amnesia {unknown}
 C - a scroll of teleportation {unknown}
Potions
 f - 6 potions of curing {unknown}
 n - 3 potions of haste {unknown}
 o - a potion of brilliance {unknown}
 q - a potion of agility {unknown}
 v - a potion of degeneration {unknown}
 A - a potion of heal wounds {unknown}
 B - 3 potions of invisibility {unknown}
Comestibles
 c - 3 bread rations
 l - 3 beef jerkies
 p - 2 slices of pizza
 s - 2 meat rations
 z - 16 fruits


   Skills:
 + Level 6.0 Fighting
 + Level 6.5(6.8) Polearms
 + Level 2.8(5.0) Staves
 + Level 5.2 Armour
 + Level 4.7 Dodging
 + Level 1.2 Stealth


You had 6 spell levels left.
You didn't know any spells.

Dungeon Overview and Level Annotations

Branches:
Dungeon (8/15)
 Temple: D:4-7         Lair: D:8-11

Altars:
Zin

Shops:
D:3 *


Innate Abilities, Weirdness & Mutations

You reflexively headbutt those who attack you in melee.
You have a pair of horns on your head.


Message History

The orc wizard closely misses you. The orc wizard barely misses you.
You hit the orc wizard. Your headbutt misses the orc wizard.
The orc wizard is moderately wounded.
The orc priest looks braver for a moment.
The orc wizard completely misses you.
The orc wizard shouts!
You hit the orc wizard. You burn the orc wizard.
The orc wizard is severely wounded.
The orc wizard gestures wildly while chanting.
The orc wizard flickers and vanishes!
Deactivating autopickup; reactivate with Ctrl-A.
You closely miss the orc warrior. The orc warrior completely misses you.
The orc wizard casts a spell.
The orc wizard seems to speed up.
You sock the orc warrior!
The orc warrior is heavily wounded.
The orc warrior hits you with a long sword!!
* * * LOW HITPOINT WARNING * * *
The orc warrior hits you with a long sword!
You die...

..##.[.......(.#.###
..##................
..##...........####
..###########'## ..#
#.# #.# #########.#
.#
..........######...#<
.........ooo@...?....
.......((o########.#.
..........#
..........#
...o....!..+
...........#
.o.........#
...........#
...........#


You could see an orc warrior, an orc priest and 2 orc wizards.

Vanquished Creatures
  Prince Ribbit (D:5)
  A phantom (D:5)
  An ice beast (D:4)
  A sky beast (D:7)
  A giant frog (D:7)
  A scorpion (D:7)
  A hound (D:4)
  2 crimson imps (D:3)
  Crazy Yiuf (D:3)
  A giant frog skeleton (D:5)
  A worker ant (D:5)
  7 adders
  2 oozes (D:1)
  A worm (D:3)
  2 giant geckos
  4 orcs (D:3)
  A ball python (D:3)
  5 hobgoblins
  5 jackals
  A quokka (D:2)
  3 bats
  9 giant cockroaches
  16 giant newts
  4 goblins
  7 kobolds
  A quokka skeleton (D:7)
  9 rats
89 creatures vanquished.

Notes
Turn   | Place    | Note
--------------------------------------------------------------
     0 | D:1      | Yevrel the Minotaur Berserker began the quest for the Orb.
     0 | D:1      | Reached XP level 1. HP: 19/19 MP: 0/0
     1 | D:1      | Found a runed door.
   935 | D:1      | Reached XP level 2. HP: 27/27 MP: 1/1
   939 | D:1      | Reached skill level 4 in Polearms
   973 | D:1      | Reached XP level 3. HP: 30/33 MP: 2/2
   976 | D:1      | Reached ** piety under Trog
  1516 | D:2      | Reached XP level 4. HP: 33/41 MP: 3/3
  1994 | D:3      | Reached skill level 5 in Polearms
  2014 | D:3      | Found Zin's Purification Station.
  2019 | D:3      | Found a glowing silver altar of Zin.
  2331 | D:3      | Reached XP level 5. HP: 42/47 MP: 4/4
  2340 | D:3      | Noticed Crazy Yiuf
  2347 | D:3      | Killed Crazy Yiuf
  2449 | D:3      | Reached *** piety under Trog
  3116 | D:4      | Noticed an ice beast
  3123 | D:4      | Killed an ice beast
  3123 | D:4      | Reached skill level 5 in Fighting
  3123 | D:4      | Reached XP level 6. HP: 47/56 MP: 5/5
  3443 | D:5      | Entered Level 5 of the Dungeon
  3482 | D:5      | Noticed Prince Ribbit
  3490 | D:5      | Got a pair of slimy boots
  3496 | D:5      | Killed Prince Ribbit
  3496 | D:5      | Reached skill level 6 in Polearms
  3496 | D:5      | Reached skill level 1 in Staves
  3496 | D:5      | Reached skill level 1 in Stealth
  3496 | D:5      | Reached XP level 7. HP: 37/61 MP: 6/6
  3509 | D:5      | Identified the +1 pair of boots of Demons {rF+ rC+ Dex-5} (You found it on level 5 of the Dungeon)
  3536 | D:5      | Reached skill level 5 in Armour
  3565 | D:5      | You fall through a shaft for 3 floors!
  3769 | D:7      | Slain by an orc warrior

Action                   |  1- 3 |  4- 6 |  7- 9 || total
-------------------------+-------+-------+-------++-------
Melee: Spear             |   129 |    80 |       ||   209
       Quarterstaff      |       |    40 |    42 ||    82
  Use: Scroll            |     1 |       |       ||     1
  Eat: Chunk             |     1 |     3 |       ||     4
       Bread ration      |       |     1 |       ||     1
